[ AOE2 MATCH · #467421663 ]
UnrankedPortuguese vs Dravidians
[ REPLAY ANALYSIS · EXTRACTED FROM THE RECORDED GAME ]
Feudal
—
Castle
—
Imperial
—
| APM avg | 0.3 |
| APM peak | 13 |
| eAPM avg | 0.3 |
| Villagers / military | 1 / 0 |
Focus
⚔️ 0.0% · 🌾 100.0%
Feudal
10:21
Castle
16:19
Imperial
34:25
| APM avg | 27.2 |
| APM peak | 71 |
| eAPM avg | 21.2 |
| Villagers / military | 143 / 335 |
Focus
⚔️ 40.9% · 🌾 59.1%
Urumi Swordsman ×251 · Elephant Archer ×75 · Trade Cart ×17 · Trebuchet (Packed) ×8 · Monk ×1
Feudal
10:48
Castle
17:16
Imperial
31:30
| APM avg | 29.8 |
| APM peak | 65 |
| eAPM avg | 22.8 |
| Villagers / military | 219 / 230 |
Focus
⚔️ 17.6% · 🌾 82.4%
Battle Elephant ×210 · Trade Cart ×62 · Bombard Cannon ×6 · Karambit Warrior ×6 · Monk ×3 · Mangonel ×3
Feudal
11:47
Castle
19:57
Imperial
37:41
| APM avg | 13.1 |
| APM peak | 35 |
| eAPM avg | 11.3 |
| Villagers / military | 163 / 73 |
Focus
⚔️ 24.0% · 🌾 76.0%
Mameluke ×50 · Trade Cart ×21 · Mangonel ×18 · Battering Ram ×4 · Cavalry Archer ×1
Feudal
14:11
Castle
25:38
Imperial
38:29
| APM avg | 11.4 |
| APM peak | 42 |
| eAPM avg | 9.1 |
| Villagers / military | 74 / 192 |
Focus
⚔️ 32.8% · 🌾 67.2%
Teutonic Knight ×96 · Spearman ×74 · Bombard Cannon ×9 · Trebuchet (Packed) ×5 · Mangonel ×4 · Scorpion ×3
Feudal
11:35
Castle
20:43
Imperial
33:03
| APM avg | 9.3 |
| APM peak | 21 |
| eAPM avg | 7.8 |
| Villagers / military | 176 / 44 |
Focus
⚔️ 15.1% · 🌾 84.9%
Monk ×26 · Knight ×13 · Militia ×2 · Trebuchet (Packed) ×2 · Mangonel ×1
Feudal
—
Castle
—
Imperial
—
| APM avg | 1.1 |
| APM peak | 27 |
| eAPM avg | 0.4 |
| Villagers / military | 6 / 0 |
Focus
⚔️ 0.0% · 🌾 100.0%
Feudal
14:32
Castle
25:41
Imperial
—
| APM avg | 10.8 |
| APM peak | 37 |
| eAPM avg | 9.4 |
| Villagers / military | 86 / 84 |
Focus
⚔️ 27.7% · 🌾 72.3%
Huskarl ×56 · Spearman ×27 · Trade Cart ×17 · Monk ×1
Match map
Initial resources + every placement click. Lines = walls · curves = elevation contours. ◆ gold · ⬟ stone · ● berries · ✦ relic · ◌ wall gap
Your base· Open — opponent sealed themselves in
921335635's base· Open — unwalled flank
Gordon Freeman's base· Open — unwalled flank
dougshoe's base· ✓ Closed at 19:57 · 32t walls · fragile
Duende's base· ✓ Closed at 25:38 · 92t walls · no gate
jonatan_bruno's base· ✓ Closed at 20:43 · 31t walls · 1 gate(s)
erata-6161's base· Open — unwalled flank
ytsejamer05's base· ✓ Closed at 25:41 · 70t walls · fragile
Smoothed initial terrain · ◌ = detected wall gap · hover for details
Inputs per minute
— Marciosalina - - 921335635
Build order — Marciosalina
2 actions detected in the replay
| 1:06 | Build | Mill |
| 1:26 | Create | Villager (Male) |
Build order — 921335635
First 150 of 678 actions detected
| 0:02 | Create | Villager (Male) |
| 0:02 | Create | Villager (Male) |
| 0:03 | Create | Villager (Male) |
| 0:05 | Build | House |
| 0:06 | Build | House |
| 0:18 | Create | Villager (Male) |
| 1:33 | Create | Villager (Male) |
| 2:14 | Create | Villager (Male) |
| 2:14 | Create | Villager (Male) |
| 2:55 | Create | Villager (Male) |
| 3:48 | Create | Villager (Male) |
| 3:49 | Create | Villager (Male) |
| 4:17 | Create | Villager (Male) |
| 4:31 | Build | House |
| 4:34 | Build | House |
| 4:57 | Create | Villager (Male) |
| 5:26 | Create | Villager (Male) |
| 5:26 | Create | Villager (Male) |
| 5:27 | Create | Villager (Male) |
| 5:47 | Build | Lumber Camp |
| 5:57 | Create | Villager (Male) |
| 6:29 | Build | Mining Camp |
| 6:40 | Create | Villager (Male) |
| 7:27 | Create | Villager (Male) |
| 8:11 | Research | Feudal Age |
| 8:23 | Build | Mill |
| 8:45 | Build | Mill |
| 9:59 | Create | Villager (Male) |
| 9:59 | Create | Villager (Male) |
| 10:21 | Age | Feudal Age |
| 10:27 | Research | Double-Bit Axe |
| 10:51 | Build | Blacksmith |
| 10:53 | Create | Villager (Male) |
| 11:18 | Build | Market |
| 11:22 | Create | Villager (Male) |
| 11:22 | Create | Villager (Male) |
| 11:32 | Research | Horse Collar |
| 11:38 | Build | Farm |
| 11:56 | Build | House |
| 12:11 | Create | Villager (Male) |
| 12:28 | Build | Farm |
| 12:54 | Build | Farm |
| 13:39 | Research | Castle Age |
| 14:00 | Research | Gold Mining |
| 14:15 | Research | Stone Mining |
| 14:43 | Build | House |
| 14:44 | Build | House |
| 15:19 | Build | Mining Camp |
| 15:54 | Create | Villager (Male) |
| 15:55 | Create | Villager (Male) |
| 16:19 | Age | Castle Age |
| 16:27 | Build | Town Center |
| 16:31 | Research | Heavy Plow |
| 16:34 | Research | Bow Saw |
| 16:50 | Create | Villager (Male) |
| 16:58 | Create | Trade Cart |
| 17:14 | Build | Farm |
| 17:17 | Create | Villager (Male) |
| 17:31 | Create | Villager (Male) |
| 17:31 | Create | Villager (Male) |
| 17:42 | Create | Villager (Male) |
| 17:49 | Build | Monastery |
| 17:57 | Create | Villager (Male) |
| 18:08 | Build | Stone Wall |
| 18:24 | Create | Villager (Male) |
| 18:34 | Create | Villager (Male) |
| 18:49 | Create | Monk |
| 18:54 | Build | Town Center |
| 19:00 | Create | Villager (Male) |
| 19:27 | Create | Villager (Male) |
| 19:27 | Create | Villager (Male) |
| 19:53 | Create | Trade Cart |
| 19:56 | Build | Farm |
| 20:05 | Create | Villager (Male) |
| 20:09 | Build | Farm |
| 20:13 | Create | Villager (Male) |
| 20:26 | Build | Town Center |
| 20:33 | Create | Trade Cart |
| 20:46 | Build | Farm |
| 20:52 | Create | Villager (Male) |
| 21:16 | Create | Villager (Male) |
| 21:24 | Build | Farm |
| 21:47 | Build | House |
| 21:48 | Build | House |
| 21:53 | Build | Farm |
| 21:57 | Build | Farm |
| 21:58 | Build | Farm |
| 21:59 | Build | Farm |
| 22:01 | Create | Villager (Male) |
| 22:04 | Create | Villager (Male) |
| 22:13 | Create | Trade Cart |
| 22:32 | Build | Farm |
| 22:42 | Build | Farm |
| 22:44 | Create | Villager (Male) |
| 22:45 | Create | Villager (Male) |
| 23:08 | Build | Castle |
| 23:12 | Build | House |
| 23:13 | Create | Villager (Male) |
| 23:14 | Create | Villager (Male) |
| 23:14 | Create | Trade Cart |
| 23:19 | Build | Farm |
| 23:23 | Build | Farm |
| 23:27 | Create | Villager (Male) |
| 23:41 | Create | Villager (Male) |
| 23:45 | Build | Farm |
| 23:49 | Build | House |
| 23:50 | Create | Villager (Male) |
| 23:57 | Create | Villager (Male) |
| 23:58 | Create | Villager (Male) |
| 24:08 | Create | Villager (Male) |
| 24:23 | Create | Villager (Male) |
| 24:27 | Create | Villager (Male) |
| 24:32 | Build | Farm |
| 24:40 | Build | Town Center |
| 24:44 | Build | House |
| 24:45 | Create | Villager (Male) |
| 24:49 | Create | Villager (Male) |
| 24:49 | Create | Villager (Male) |
| 25:00 | Build | Farm |
| 25:11 | Create | Villager (Male) |
| 25:11 | Create | Villager (Male) |
| 25:11 | Create | Villager (Male) |
| 25:20 | Build | House |
| 25:20 | Build | House |
| 25:24 | Build | Farm |
| 25:25 | Create | Villager (Male) |
| 25:30 | Create | Villager (Male) |
| 25:44 | Create | Villager (Male) |
| 25:46 | Build | Farm |
| 25:48 | Create | Villager (Male) |
| 25:53 | Create | Villager (Male) |
| 25:55 | Build | Farm |
| 26:07 | Build | Farm |
| 26:08 | Create | Villager (Male) |
| 26:10 | Create | Villager (Male) |
| 26:16 | Create | Villager (Male) |
| 26:25 | Build | Farm |
| 26:28 | Build | House |
| 26:40 | Create | Villager (Male) |
| 26:41 | Create | Villager (Male) |
| 26:44 | Build | Farm |
| 26:46 | Build | Farm |
| 26:49 | Create | Villager (Male) |
| 26:50 | Create | Villager (Male) |
| 26:51 | Create | Villager (Male) |
| 26:52 | Create | Trade Cart |
| 26:57 | Build | Farm |
| 27:09 | Build | Farm |
| 27:23 | Build | Castle |
| 27:29 | Build | Farm |
Build order — Gordon Freeman
First 150 of 590 actions detected
| 0:03 | Research | Loom |
| 0:03 | Create | Villager (Male) |
| 0:03 | Create | Villager (Male) |
| 0:04 | Create | Villager (Male) |
| 0:05 | Build | House |
| 0:06 | Build | House |
| 0:27 | Create | Villager (Male) |
| 1:07 | Build | Palisade Wall |
| 2:06 | Create | Villager (Male) |
| 2:06 | Create | Villager (Male) |
| 2:34 | Build | Lumber Camp |
| 2:41 | Create | Villager (Male) |
| 2:42 | Create | Villager (Male) |
| 3:09 | Create | Villager (Male) |
| 3:09 | Create | Villager (Male) |
| 3:23 | Create | Villager (Male) |
| 3:23 | Create | Villager (Male) |
| 3:55 | Create | Villager (Male) |
| 3:55 | Create | Villager (Male) |
| 3:56 | Create | Villager (Male) |
| 4:08 | Build | House |
| 4:21 | Create | Villager (Male) |
| 4:21 | Create | Villager (Male) |
| 4:43 | Create | Villager (Male) |
| 4:43 | Create | Villager (Male) |
| 4:58 | Build | Mill |
| 5:09 | Build | Mill |
| 5:15 | Create | Villager (Male) |
| 5:15 | Create | Villager (Male) |
| 5:15 | Create | Villager (Male) |
| 6:24 | Create | Villager (Male) |
| 6:24 | Create | Villager (Male) |
| 6:24 | Create | Villager (Male) |
| 6:34 | Build | House |
| 7:24 | Build | Mill |
| 7:25 | Create | Villager (Male) |
| 7:25 | Create | Villager (Male) |
| 7:25 | Create | Villager (Male) |
| 7:26 | Create | Villager (Male) |
| 8:16 | Create | Villager (Male) |
| 8:16 | Create | Villager (Male) |
| 8:17 | Create | Villager (Male) |
| 8:17 | Create | Villager (Male) |
| 8:17 | Create | Villager (Male) |
| 8:41 | Create | Villager (Male) |
| 8:41 | Create | Villager (Male) |
| 8:42 | Create | Villager (Male) |
| 9:04 | Create | Villager (Male) |
| 9:24 | Research | Feudal Age |
| 9:37 | Build | Mining Camp |
| 10:06 | Build | House |
| 10:44 | Create | Villager (Male) |
| 10:48 | Age | Feudal Age |
| 10:52 | Create | Villager (Male) |
| 10:58 | Build | Market |
| 11:10 | Build | Stone Wall |
| 11:13 | Build | Stone Wall |
| 11:14 | Build | Stone Wall |
| 11:21 | Create | Villager (Male) |
| 11:29 | Build | Blacksmith |
| 11:38 | Create | Villager (Male) |
| 12:08 | Build | House |
| 12:33 | Build | Stone Wall |
| 12:36 | Build | Stone Wall |
| 12:55 | Create | Villager (Male) |
| 13:02 | Build | Farm |
| 13:03 | Build | Farm |
| 13:04 | Build | Farm |
| 14:02 | Create | Villager (Male) |
| 14:11 | Build | Stone Wall |
| 14:17 | Build | Mining Camp |
| 14:20 | Create | Villager (Male) |
| 14:47 | Build | Farm |
| 14:48 | Create | Villager (Male) |
| 14:54 | Build | Farm |
| 15:40 | Research | Castle Age |
| 15:59 | Build | Farm |
| 16:01 | Build | Farm |
| 16:03 | Research | Double-Bit Axe |
| 16:40 | Research | Horse Collar |
| 17:06 | Create | Villager (Male) |
| 17:16 | Age | Castle Age |
| 17:23 | Build | Town Center |
| 17:25 | Create | Villager (Male) |
| 18:07 | Create | Villager (Male) |
| 18:07 | Create | Villager (Male) |
| 18:12 | Build | Town Center |
| 18:15 | Create | Villager (Male) |
| 18:29 | Build | House |
| 18:30 | Build | House |
| 18:38 | Research | Gold Mining |
| 18:41 | Create | Villager (Male) |
| 18:41 | Create | Villager (Male) |
| 19:04 | Build | Monastery |
| 19:10 | Create | Villager (Male) |
| 19:10 | Create | Villager (Male) |
| 19:13 | Create | Villager (Male) |
| 19:18 | Build | Farm |
| 19:29 | Build | Lumber Camp |
| 19:39 | Create | Monk |
| 19:44 | Create | Villager (Male) |
| 19:50 | Create | Villager (Male) |
| 19:51 | Create | Villager (Male) |
| 20:06 | Create | Villager (Male) |
| 20:06 | Create | Villager (Male) |
| 20:19 | Create | Villager (Male) |
| 20:19 | Create | Villager (Male) |
| 20:35 | Build | Farm |
| 20:36 | Build | Farm |
| 20:58 | Create | Villager (Male) |
| 20:58 | Create | Villager (Male) |
| 20:58 | Create | Villager (Male) |
| 20:58 | Create | Villager (Male) |
| 21:03 | Create | Villager (Male) |
| 21:21 | Build | Farm |
| 21:22 | Build | Farm |
| 21:23 | Build | Farm |
| 21:24 | Build | Farm |
| 21:26 | Create | Villager (Male) |
| 21:26 | Create | Villager (Male) |
| 21:27 | Create | Villager (Male) |
| 21:35 | Create | Villager (Male) |
| 21:35 | Create | Villager (Male) |
| 21:38 | Build | Farm |
| 21:41 | Build | Farm |
| 21:44 | Create | Trade Cart |
| 21:50 | Create | Villager (Male) |
| 21:51 | Create | Villager (Male) |
| 21:53 | Create | Villager (Male) |
| 21:54 | Create | Villager (Male) |
| 21:58 | Build | Farm |
| 22:11 | Build | Town Center |
| 22:18 | Create | Villager (Male) |
| 22:18 | Create | Villager (Male) |
| 22:21 | Create | Villager (Male) |
| 22:21 | Create | Villager (Male) |
| 22:23 | Build | Farm |
| 22:34 | Create | Villager (Male) |
| 22:34 | Create | Villager (Male) |
| 22:35 | Create | Villager (Male) |
| 22:36 | Create | Villager (Male) |
| 22:43 | Build | House |
| 22:44 | Build | House |
| 22:49 | Build | House |
| 22:50 | Build | House |
| 22:54 | Create | Villager (Male) |
| 22:54 | Create | Villager (Male) |
| 22:54 | Create | Villager (Male) |
| 23:12 | Research | Wheelbarrow |
| 23:15 | Create | Villager (Male) |
Build order — dougshoe
First 150 of 423 actions detected
| 0:03 | Create | Villager (Male) |
| 0:04 | Research | Loom |
| 0:04 | Create | Villager (Male) |
| 0:05 | Create | Villager (Male) |
| 0:05 | Create | Villager (Male) |
| 0:10 | Build | House |
| 0:11 | Build | House |
| 0:54 | Build | Lumber Camp |
| 2:12 | Create | Villager (Male) |
| 2:12 | Create | Villager (Male) |
| 2:35 | Build | Palisade Wall |
| 2:46 | Create | Villager (Male) |
| 2:46 | Create | Villager (Male) |
| 3:15 | Create | Villager (Male) |
| 3:16 | Create | Villager (Male) |
| 3:56 | Create | Villager (Male) |
| 3:57 | Create | Villager (Male) |
| 4:15 | Create | Villager (Male) |
| 4:15 | Create | Villager (Male) |
| 4:45 | Build | Palisade Wall |
| 4:50 | Create | Villager (Male) |
| 4:50 | Create | Villager (Male) |
| 5:25 | Create | Villager (Male) |
| 5:25 | Create | Villager (Male) |
| 5:47 | Build | Palisade Wall |
| 6:03 | Create | Villager (Male) |
| 6:03 | Create | Villager (Male) |
| 6:23 | Create | Villager (Male) |
| 6:23 | Create | Villager (Male) |
| 6:24 | Create | Villager (Male) |
| 6:37 | Build | Mill |
| 7:47 | Build | House |
| 8:01 | Create | Villager (Male) |
| 8:01 | Create | Villager (Male) |
| 8:35 | Create | Villager (Male) |
| 8:39 | Build | House |
| 9:37 | Research | Feudal Age |
| 9:49 | Build | Mill |
| 10:07 | Create | Villager (Male) |
| 10:07 | Create | Villager (Male) |
| 10:25 | Build | Farm |
| 11:19 | Create | Villager (Male) |
| 11:21 | Create | Villager (Male) |
| 11:47 | Age | Feudal Age |
| 11:55 | Research | Double-Bit Axe |
| 12:16 | Build | Farm |
| 12:21 | Create | Villager (Male) |
| 13:09 | Create | Villager (Male) |
| 13:32 | Build | Mining Camp |
| 13:51 | Create | Villager (Male) |
| 14:00 | Build | Farm |
| 14:25 | Create | Villager (Male) |
| 14:49 | Build | House |
| 15:05 | Build | Lumber Camp |
| 15:17 | Create | Villager (Male) |
| 15:25 | Build | House |
| 15:26 | Build | House |
| 15:38 | Build | Market |
| 15:44 | Create | Villager (Male) |
| 16:10 | Build | Blacksmith |
| 16:17 | Build | House |
| 16:18 | Build | House |
| 16:19 | Build | House |
| 16:28 | Build | Mining Camp |
| 16:40 | Build | Farm |
| 16:41 | Build | Farm |
| 16:47 | Create | Villager (Male) |
| 16:54 | Build | Farm |
| 17:17 | Research | Castle Age |
| 17:18 | Research | Castle Age |
| 17:36 | Build | Farm |
| 17:40 | Build | Farm |
| 17:46 | Build | Farm |
| 18:35 | Create | Villager (Male) |
| 18:35 | Create | Villager (Male) |
| 18:35 | Create | Villager (Male) |
| 18:40 | Create | Trade Cart |
| 18:40 | Create | Trade Cart |
| 18:54 | Research | Horse Collar |
| 19:03 | Research | Fletching |
| 19:57 | Age | Castle Age |
| 20:05 | Build | Town Center |
| 20:11 | Create | Villager (Male) |
| 20:27 | Create | Villager (Male) |
| 20:28 | Create | Villager (Male) |
| 20:35 | Build | Farm |
| 20:40 | Build | Town Center |
| 20:55 | Build | Farm |
| 21:01 | Research | Bow Saw |
| 21:30 | Create | Villager (Male) |
| 21:31 | Create | Villager (Male) |
| 21:31 | Create | Villager (Male) |
| 21:54 | Build | Town Center |
| 21:57 | Create | Villager (Male) |
| 21:57 | Create | Villager (Male) |
| 21:57 | Create | Villager (Male) |
| 22:13 | Create | Villager (Male) |
| 22:13 | Create | Villager (Male) |
| 22:21 | Build | Farm |
| 22:25 | Create | Villager (Male) |
| 22:29 | Create | Villager (Male) |
| 22:32 | Build | Farm |
| 22:34 | Build | Farm |
| 22:35 | Build | Farm |
| 22:51 | Create | Villager (Male) |
| 22:54 | Build | Farm |
| 23:04 | Create | Villager (Male) |
| 23:13 | Build | Farm |
| 23:18 | Build | Farm |
| 23:24 | Create | Villager (Male) |
| 23:28 | Create | Villager (Male) |
| 23:33 | Build | Farm |
| 23:37 | Build | Farm |
| 23:42 | Create | Villager (Male) |
| 23:53 | Create | Villager (Male) |
| 23:53 | Create | Villager (Male) |
| 24:10 | Create | Villager (Male) |
| 24:11 | Create | Villager (Male) |
| 24:11 | Create | Villager (Male) |
| 24:15 | Build | Farm |
| 24:16 | Build | Farm |
| 24:18 | Build | Farm |
| 24:24 | Create | Villager (Male) |
| 24:24 | Create | Villager (Male) |
| 24:34 | Build | Farm |
| 24:45 | Build | Market |
| 24:50 | Create | Villager (Male) |
| 24:50 | Create | Villager (Male) |
| 24:51 | Create | Villager (Male) |
| 24:51 | Create | Villager (Male) |
| 25:17 | Create | Villager (Male) |
| 25:17 | Create | Villager (Male) |
| 25:17 | Create | Villager (Male) |
| 25:18 | Create | Villager (Male) |
| 25:21 | Build | Farm |
| 25:26 | Create | Villager (Male) |
| 25:31 | Build | Farm |
| 25:41 | Create | Villager (Male) |
| 25:41 | Create | Villager (Male) |
| 25:44 | Create | Villager (Male) |
| 25:52 | Create | Trade Cart |
| 25:52 | Create | Trade Cart |
| 26:05 | Build | Market |
| 26:11 | Build | House |
| 26:13 | Build | House |
| 26:14 | Build | House |
| 26:16 | Build | House |
| 26:17 | Build | House |
| 26:17 | Build | House |
| 26:22 | Create | Villager (Male) |
Build order — Duende
First 150 of 215 actions detected
| 0:05 | Build | House |
| 0:07 | Build | House |
| 0:10 | Create | Villager (Male) ×4 |
| 0:10 | Create | Villager (Male) ×4 |
| 1:37 | Create | Villager (Male) |
| 1:37 | Create | Villager (Male) |
| 2:14 | Build | Palisade Wall |
| 2:19 | Build | Palisade Wall |
| 2:38 | Create | Villager (Male) ×2 |
| 3:33 | Create | Villager (Male) |
| 4:58 | Build | Palisade Wall |
| 5:35 | Create | Villager (Male) |
| 5:51 | Create | Villager (Male) |
| 6:16 | Build | Palisade Wall |
| 6:42 | Create | Villager (Male) |
| 6:42 | Create | Villager (Male) |
| 6:43 | Create | Villager (Male) |
| 6:43 | Create | Villager (Male) |
| 7:13 | Create | Villager (Male) ×3 |
| 7:41 | Build | Mill |
| 7:54 | Create | Villager (Male) |
| 8:05 | Build | House |
| 8:54 | Create | Villager (Male) ×3 |
| 9:57 | Build | Mining Camp |
| 10:22 | Build | House |
| 11:02 | Build | Farm |
| 12:01 | Research | Feudal Age |
| 12:15 | Build | Lumber Camp |
| 12:51 | Create | Villager (Male) |
| 13:11 | Create | Villager (Male) |
| 13:12 | Create | Villager (Male) |
| 13:12 | Create | Villager (Male) |
| 13:49 | Create | Villager (Male) ×3 |
| 13:57 | Build | Farm |
| 14:11 | Age | Feudal Age |
| 14:16 | Build | Watch Tower |
| 14:21 | Create | Villager (Male) |
| 14:35 | Build | Farm |
| 14:43 | Build | Farm |
| 14:57 | Create | Villager (Male) |
| 15:08 | Build | Farm |
| 15:17 | Research | Double-Bit Axe |
| 15:31 | Build | House |
| 15:48 | Build | Stone Wall |
| 15:57 | Create | Villager (Male) |
| 16:03 | Build | Mining Camp |
| 16:05 | Create | Villager (Male) |
| 16:20 | Build | Stone Wall |
| 16:50 | Create | Villager (Male) |
| 17:00 | Build | Market |
| 17:22 | Build | Farm |
| 17:43 | Build | Stone Wall |
| 18:03 | Build | Farm |
| 18:15 | Build | House |
| 18:17 | Build | House |
| 18:36 | Create | Villager (Male) ×4 |
| 18:55 | Build | Mining Camp |
| 19:04 | Build | Blacksmith |
| 19:40 | Build | Watch Tower |
| 19:55 | Build | Farm |
| 19:56 | Create | Villager (Male) ×3 |
| 20:06 | Create | Trade Cart |
| 20:29 | Build | Farm |
| 20:37 | Build | Farm |
| 20:45 | Create | Villager (Male) ×3 |
| 21:06 | Build | House |
| 21:06 | Build | House |
| 21:07 | Build | House |
| 21:21 | Build | Stone Wall |
| 21:28 | Build | House |
| 21:28 | Build | House |
| 21:36 | Build | Farm |
| 21:45 | Build | Stone Wall |
| 22:02 | Research | Padded Archer Armor |
| 22:34 | Build | Lumber Camp |
| 22:46 | Build | Farm |
| 22:58 | Research | Castle Age |
| 23:10 | Build | Mining Camp |
| 23:28 | Build | Stone Wall |
| 23:39 | Build | Barracks |
| 23:45 | Create | Villager (Male) ×3 |
| 24:08 | Research | Fletching |
| 24:31 | Research | Horse Collar |
| 24:35 | Create | Trade Cart |
| 25:13 | Build | Watch Tower |
| 25:35 | Research | Forging |
| 25:38 | Create | Villager (Male) ×3 |
| 25:38 | Age | Castle Age |
| 26:16 | Build | Castle |
| 26:56 | Research | Leather Archer Armor |
| 27:06 | Build | Farm |
| 27:08 | Build | Farm |
| 27:09 | Build | Farm |
| 27:33 | Build | Town Center |
| 27:56 | Create | Villager (Male) ×5 |
| 28:17 | Build | Farm |
| 28:21 | Build | Farm |
| 28:37 | Create | Teutonic Knight ×3 |
| 28:37 | Create | Teutonic Knight ×3 |
| 28:37 | Create | Teutonic Knight ×3 |
| 29:01 | Research | Loom |
| 29:02 | Create | Villager (Male) ×2 |
| 29:02 | Create | Villager (Male) ×2 |
| 29:02 | Create | Villager (Male) ×2 |
| 29:13 | Build | Monastery |
| 29:18 | Create | Villager (Male) ×2 |
| 29:37 | Build | Mining Camp |
| 30:22 | Build | Siege Workshop |
| 30:25 | Create | Teutonic Knight ×4 |
| 30:25 | Create | Teutonic Knight ×4 |
| 31:11 | Create | Mangonel ×2 |
| 31:18 | Create | Teutonic Knight ×2 |
| 31:27 | Research | Scale Mail Armor |
| 31:34 | Build | Stone Wall |
| 32:00 | Build | Watch Tower |
| 32:09 | Research | Heavy Plow |
| 32:13 | Create | Villager (Male) ×2 |
| 32:33 | Create | Villager (Male) ×2 |
| 32:39 | Create | Monk |
| 32:46 | Build | Lumber Camp |
| 32:58 | Create | Teutonic Knight |
| 33:14 | Build | Farm |
| 33:25 | Build | Farm |
| 33:27 | Build | Farm |
| 33:49 | Build | Castle |
| 35:19 | Research | Imperial Age |
| 35:50 | Create | Teutonic Knight ×2 |
| 36:09 | Build | Farm |
| 36:11 | Build | Farm |
| 36:13 | Build | Farm |
| 36:18 | Research | Scale Barding Armor |
| 36:47 | Build | Stone Wall |
| 37:07 | Research | Bodkin Arrow |
| 37:28 | Research | Ironclad |
| 37:29 | Create | Teutonic Knight ×2 |
| 37:30 | Create | Teutonic Knight ×2 |
| 37:30 | Create | Teutonic Knight ×2 |
| 37:39 | Create | Mangonel |
| 38:07 | Build | Stone Wall |
| 38:23 | Build | Stone Wall |
| 38:29 | Age | Imperial Age |
| 38:30 | Build | Stone Wall |
| 38:55 | Create | Teutonic Knight ×5 |
| 38:56 | Create | Teutonic Knight |
| 38:56 | Create | Teutonic Knight |
| 38:56 | Create | Teutonic Knight |
| 39:04 | Create | Trebuchet (Packed) |
| 39:12 | Create | Mangonel |
| 39:30 | Build | University |
| 39:48 | Build | Stone Wall |
Build order — jonatan_bruno
First 150 of 249 actions detected
| 0:05 | Create | Villager (Male) ×4 |
| 0:06 | Create | Villager (Male) ×4 |
| 0:06 | Create | Villager (Male) ×4 |
| 0:06 | Create | Villager (Male) ×4 |
| 0:06 | Create | Villager (Male) ×4 |
| 1:22 | Create | Villager (Male) |
| 1:22 | Create | Villager (Male) |
| 1:22 | Create | Villager (Male) |
| 1:22 | Create | Villager (Male) |
| 1:23 | Create | Villager (Male) |
| 1:43 | Create | Villager (Male) |
| 1:43 | Create | Villager (Male) |
| 1:43 | Create | Villager (Male) |
| 1:43 | Create | Villager (Male) |
| 1:44 | Create | Villager (Male) |
| 2:11 | Create | Villager (Male) |
| 2:12 | Create | Villager (Male) |
| 2:12 | Create | Villager (Male) |
| 2:12 | Create | Villager (Male) |
| 2:12 | Create | Villager (Male) |
| 2:22 | Create | Villager (Male) |
| 2:22 | Create | Villager (Male) |
| 2:22 | Create | Villager (Male) |
| 2:23 | Create | Villager (Male) |
| 2:23 | Create | Villager (Male) |
| 2:32 | Build | Lumber Camp |
| 2:59 | Create | Villager (Male) |
| 3:00 | Create | Villager (Male) |
| 3:00 | Create | Villager (Male) |
| 3:00 | Create | Villager (Male) |
| 3:00 | Create | Villager (Male) |
| 3:33 | Create | Villager (Male) |
| 3:33 | Create | Villager (Male) |
| 3:33 | Create | Villager (Male) |
| 3:34 | Create | Villager (Male) |
| 3:34 | Create | Villager (Male) |
| 4:02 | Create | Villager (Male) |
| 4:03 | Create | Villager (Male) |
| 4:03 | Create | Villager (Male) |
| 4:03 | Create | Villager (Male) |
| 4:03 | Create | Villager (Male) |
| 4:03 | Create | Villager (Male) |
| 4:45 | Build | Palisade Wall |
| 5:09 | Create | Villager (Male) |
| 5:10 | Create | Villager (Male) |
| 5:10 | Create | Villager (Male) |
| 5:10 | Create | Villager (Male) |
| 6:36 | Create | Villager (Male) |
| 6:36 | Create | Villager (Male) |
| 6:37 | Create | Villager (Male) |
| 6:37 | Create | Villager (Male) |
| 6:40 | Create | Villager (Male) |
| 6:45 | Build | Mill |
| 7:26 | Research | Loom |
| 7:47 | Build | Barracks |
| 8:19 | Build | Farm |
| 8:47 | Build | Palisade Gate |
| 9:02 | Build | Farm |
| 9:25 | Research | Feudal Age |
| 9:25 | Research | Feudal Age |
| 9:25 | Research | Feudal Age |
| 9:30 | Build | Mining Camp |
| 10:43 | Create | Militia ×2 |
| 10:53 | Create | Villager (Male) |
| 10:53 | Create | Villager (Male) |
| 10:53 | Create | Villager (Male) |
| 10:53 | Create | Villager (Male) |
| 10:54 | Create | Villager (Male) |
| 10:54 | Create | Villager (Male) |
| 10:54 | Create | Villager (Male) |
| 11:35 | Age | Feudal Age |
| 11:41 | Build | Watch Tower |
| 11:50 | Build | Watch Tower |
| 11:55 | Create | Villager (Male) |
| 11:55 | Create | Villager (Male) |
| 11:55 | Create | Villager (Male) |
| 11:55 | Create | Villager (Male) |
| 11:56 | Create | Villager (Male) |
| 12:45 | Build | Mining Camp |
| 12:55 | Create | Villager (Male) |
| 12:55 | Create | Villager (Male) |
| 12:55 | Create | Villager (Male) |
| 12:56 | Create | Villager (Male) |
| 14:02 | Create | Villager (Male) |
| 14:02 | Create | Villager (Male) |
| 14:02 | Create | Villager (Male) |
| 14:03 | Create | Villager (Male) |
| 14:03 | Create | Villager (Male) |
| 14:03 | Create | Villager (Male) |
| 14:03 | Create | Villager (Male) |
| 14:08 | Build | Farm |
| 14:11 | Build | Farm |
| 14:14 | Build | Farm |
| 14:22 | Build | Farm |
| 14:52 | Build | Farm |
| 16:06 | Build | Market |
| 16:54 | Build | Blacksmith |
| 17:23 | Build | Lumber Camp |
| 18:03 | Research | Castle Age |
| 18:20 | Build | Stone Wall |
| 18:45 | Build | Stable |
| 19:00 | Create | Villager (Male) |
| 19:01 | Create | Villager (Male) |
| 19:01 | Create | Villager (Male) |
| 19:01 | Create | Villager (Male) |
| 19:01 | Create | Villager (Male) |
| 19:02 | Create | Villager (Male) |
| 19:02 | Create | Villager (Male) |
| 19:56 | Research | Fletching |
| 20:43 | Age | Castle Age |
| 20:46 | Build | Town Center |
| 21:52 | Build | Castle |
| 22:00 | Build | Farm |
| 22:02 | Create | Villager (Male) |
| 22:02 | Create | Villager (Male) |
| 22:02 | Create | Villager (Male) |
| 22:02 | Create | Villager (Male) |
| 22:03 | Create | Villager (Male) |
| 22:07 | Create | Villager (Male) |
| 22:08 | Create | Villager (Male) |
| 22:08 | Create | Villager (Male) |
| 22:08 | Create | Villager (Male) |
| 22:12 | Build | Mining Camp |
| 22:37 | Build | Watch Tower |
| 23:11 | Create | Villager (Male) |
| 23:11 | Create | Villager (Male) |
| 23:11 | Create | Villager (Male) |
| 23:11 | Create | Villager (Male) |
| 23:11 | Create | Villager (Male) |
| 23:18 | Create | Villager (Male) |
| 23:19 | Create | Villager (Male) |
| 23:19 | Create | Villager (Male) |
| 23:19 | Create | Villager (Male) |
| 23:19 | Create | Villager (Male) |
| 23:19 | Create | Villager (Male) |
| 23:33 | Build | Farm |
| 23:35 | Build | Farm |
| 24:05 | Build | Town Center |
| 24:50 | Create | Villager (Male) |
| 24:50 | Create | Villager (Male) |
| 24:51 | Create | Villager (Male) |
| 24:52 | Create | Villager (Male) |
| 24:52 | Create | Villager (Male) |
| 24:53 | Create | Villager (Male) |
| 24:53 | Create | Villager (Male) |
| 25:08 | Build | Farm |
| 25:09 | Build | Farm |
| 25:10 | Build | Farm |
| 25:26 | Build | Farm |
| 26:09 | Create | Villager (Male) |
Build order — erata-6161
11 actions detected in the replay
| 0:02 | Create | Villager (Male) |
| 0:02 | Create | Villager (Male) |
| 0:02 | Create | Villager (Male) |
| 0:05 | Build | House |
| 0:06 | Build | House |
| 0:08 | Build | House |
| 0:09 | Build | House |
| 0:38 | Build | Mill |
| 0:55 | Create | Villager (Male) |
| 1:23 | Create | Villager (Male) |
| 1:57 | Create | Villager (Male) |
Build order — ytsejamer05
First 150 of 293 actions detected
| 0:09 | Build | House |
| 0:10 | Build | House |
| 0:42 | Build | Palisade Wall |
| 0:52 | Research | Loom |
| 0:52 | Create | Villager (Male) |
| 0:52 | Create | Villager (Male) |
| 0:52 | Create | Villager (Male) |
| 0:53 | Create | Villager (Male) |
| 1:40 | Build | Outpost |
| 1:58 | Build | Palisade Wall |
| 2:54 | Build | House |
| 2:56 | Create | Villager (Male) |
| 3:42 | Create | Villager (Male) |
| 4:24 | Create | Villager (Male) |
| 4:51 | Build | Palisade Wall |
| 5:01 | Create | Villager (Male) |
| 5:34 | Create | Villager (Male) |
| 5:57 | Build | Palisade Wall |
| 6:03 | Create | Villager (Male) |
| 6:32 | Build | Outpost |
| 6:45 | Create | Villager (Male) |
| 7:08 | Build | Palisade Wall |
| 7:14 | Create | Villager (Male) |
| 8:19 | Create | Villager (Male) |
| 8:52 | Build | Mill |
| 8:59 | Create | Villager (Male) |
| 9:06 | Build | Lumber Camp |
| 9:18 | Build | House |
| 9:38 | Create | Villager (Male) |
| 10:08 | Create | Villager (Male) |
| 10:49 | Create | Villager (Male) |
| 11:13 | Create | Villager (Male) |
| 11:27 | Build | House |
| 12:22 | Research | Feudal Age |
| 12:33 | Build | Lumber Camp |
| 12:47 | Build | Palisade Wall |
| 13:36 | Build | Mining Camp |
| 14:17 | Build | Palisade Wall |
| 14:23 | Build | Outpost |
| 14:32 | Age | Feudal Age |
| 14:35 | Research | Wheelbarrow |
| 14:38 | Research | Double-Bit Axe |
| 15:27 | Research | Gold Mining |
| 15:43 | Create | Villager (Male) |
| 16:10 | Build | Mill |
| 16:20 | Create | Villager (Male) |
| 17:16 | Create | Villager (Male) |
| 18:07 | Create | Villager (Male) |
| 18:33 | Build | Market |
| 18:38 | Create | Villager (Male) |
| 18:49 | Research | Horse Collar |
| 18:56 | Build | House |
| 19:02 | Create | Villager (Male) |
| 19:38 | Build | Mining Camp |
| 19:40 | Create | Villager (Male) |
| 19:40 | Research | Town Watch |
| 19:52 | Build | Farm |
| 20:01 | Create | Villager (Male) |
| 20:34 | Build | Farm |
| 20:34 | Build | Farm |
| 20:36 | Build | Farm |
| 20:37 | Build | Farm |
| 20:45 | Build | House |
| 21:04 | Create | Villager (Male) |
| 21:21 | Build | House |
| 21:33 | Build | Farm |
| 21:34 | Build | Farm |
| 21:37 | Create | Villager (Male) |
| 21:59 | Build | Blacksmith |
| 22:03 | Create | Villager (Male) |
| 22:10 | Build | Farm |
| 22:36 | Create | Villager (Male) |
| 22:45 | Research | Castle Age |
| 25:41 | Age | Castle Age |
| 25:56 | Build | Castle |
| 26:08 | Research | Hand Cart |
| 26:13 | Research | Bow Saw |
| 26:16 | Research | Heavy Plow |
| 26:21 | Research | Stone Mining |
| 26:34 | Build | Market |
| 26:51 | Research | Caravan |
| 27:08 | Create | Villager (Male) |
| 27:35 | Build | Town Center |
| 27:43 | Create | Villager (Male) |
| 28:01 | Build | Monastery |
| 28:22 | Build | Farm |
| 28:24 | Create | Villager (Male) |
| 28:41 | Build | Market |
| 29:04 | Create | Monk |
| 29:11 | Build | Barracks |
| 29:19 | Create | Trade Cart |
| 29:27 | Create | Villager (Male) |
| 29:33 | Research | Stone Shaft Mining |
| 29:44 | Create | Villager (Male) |
| 29:52 | Create | Huskarl |
| 30:25 | Build | Farm |
| 30:29 | Create | Villager (Male) |
| 30:35 | Build | Town Center |
| 30:47 | Create | Villager (Male) |
| 30:54 | Create | Trade Cart |
| 30:56 | Create | Trade Cart |
| 31:00 | Build | House |
| 31:09 | Create | Huskarl |
| 31:11 | Research | Squires |
| 31:19 | Create | Villager (Male) |
| 31:21 | Create | Villager (Male) |
| 31:33 | Build | Farm |
| 31:37 | Create | Villager (Male) |
| 31:39 | Research | Town Patrol |
| 31:57 | Build | Barracks |
| 32:08 | Build | Farm |
| 32:17 | Create | Villager (Male) |
| 32:17 | Create | Villager (Male) |
| 32:23 | Create | Villager (Male) |
| 32:37 | Build | Mining Camp |
| 32:58 | Create | Villager (Male) |
| 33:02 | Create | Villager (Male) |
| 33:32 | Create | Villager (Male) |
| 33:32 | Create | Villager (Male) |
| 33:34 | Research | Scale Mail Armor |
| 33:43 | Build | Farm |
| 33:54 | Create | Villager (Male) |
| 34:00 | Create | Trade Cart |
| 34:00 | Create | Trade Cart |
| 34:09 | Build | Town Center |
| 34:16 | Create | Villager (Male) |
| 34:30 | Build | Castle |
| 34:40 | Create | Trade Cart |
| 34:40 | Create | Trade Cart |
| 34:55 | Build | Farm |
| 35:00 | Create | Villager (Male) |
| 35:00 | Create | Villager (Male) |
| 35:03 | Research | Chain Mail Armor |
| 35:05 | Research | Fletching |
| 35:19 | Create | Huskarl |
| 35:23 | Create | Trade Cart |
| 35:23 | Create | Trade Cart |
| 35:27 | Create | Villager (Male) |
| 35:43 | Build | Farm |
| 35:48 | Create | Villager (Male) |
| 35:56 | Create | Villager (Male) |
| 36:04 | Build | Town Center |
| 36:15 | Create | Huskarl |
| 36:19 | Research | Man-at-Arms (upgrade) |
| 36:26 | Build | Barracks |
| 36:29 | Build | Barracks |
| 36:37 | Create | Trade Cart |
| 36:37 | Create | Trade Cart |
| 36:46 | Build | Farm |
| 36:49 | Create | Villager (Male) |
Match timeline
| 0:42 | ytsejamer05 · wall_segment Palisade Wall x16 |
| 1:07 | Gordon Freeman · wall_segment Palisade Wall x9 |
| 1:58 | ytsejamer05 · wall_segment Palisade Wall x15 |
| 2:00 | Marciosalina · resign |
| 2:14 | Duende · wall_segment Palisade Wall x16 |
| 2:19 | Duende · wall_segment Palisade Wall x16 |
| 2:35 | dougshoe · wall_segment Palisade Wall x9 |
| 4:45 | jonatan_bruno · wall_segment Palisade Wall x18 |
| 4:45 | dougshoe · wall_segment Palisade Wall x13 |
| 4:51 | ytsejamer05 · wall_segment Palisade Wall x8 |
| 4:58 | Duende · wall_segment Palisade Wall x7 |
| 5:47 | dougshoe · wall_segment Palisade Wall x10 |
| 5:57 | ytsejamer05 · wall_segment Palisade Wall x8 |
| 6:16 | Duende · wall_segment Palisade Wall x7 |
| 7:08 | ytsejamer05 · wall_segment Palisade Wall x7 |
| 7:47 | jonatan_bruno · first_building Barracks |
| 10:21 | 921335635 · age_up feudal |
| 10:48 | Gordon Freeman · age_up feudal |
| 11:10 | Gordon Freeman · wall_segment Stone Wall x1 |
| 11:13 | Gordon Freeman · wall_segment Stone Wall x6 |
| 11:14 | Gordon Freeman · wall_segment Stone Wall x3 |
| 11:35 | jonatan_bruno · age_up feudal |
| 11:47 | dougshoe · age_up feudal |
| 12:33 | Gordon Freeman · wall_segment Stone Wall x1 |
| 12:36 | Gordon Freeman · wall_segment Stone Wall x12 |
| 12:47 | ytsejamer05 · wall_segment Palisade Wall x10 |
| 14:11 | Duende · age_up feudal |
| 14:11 | Gordon Freeman · wall_segment Stone Wall x11 |
| 14:17 | ytsejamer05 · wall_segment Palisade Wall x9 |
| 14:32 | ytsejamer05 · age_up feudal |
| 15:48 | Duende · wall_segment Stone Wall x7 |
| 16:19 | 921335635 · age_up castle |
| 16:20 | Duende · wall_segment Stone Wall x13 |
| 17:16 | Gordon Freeman · age_up castle |
| 17:21 | jonatan_bruno · first_market_buy 100 wood |
| 17:33 | jonatan_bruno · first_market_sell 100 stone |
| 17:43 | Duende · wall_segment Stone Wall x8 |
| 17:49 | 921335635 · first_building Monastery |
| 18:08 | 921335635 · wall_segment Stone Wall x8 |
| 18:20 | jonatan_bruno · wall_segment Stone Wall x13 |
| 18:45 | jonatan_bruno · first_building Stable |
| 19:04 | Gordon Freeman · first_building Monastery |
| 19:57 | dougshoe · age_up castle |
| 20:43 | jonatan_bruno · age_up castle |
| 21:21 | Duende · wall_segment Stone Wall x12 |
| 21:45 | Duende · wall_segment Stone Wall x8 |
| 21:52 | jonatan_bruno · first_building Castle |
| 22:15 | ytsejamer05 · first_market_buy 100 food |
| 22:48 | Duende · first_market_buy 100 food |
| 22:51 | Duende · first_market_sell 100 stone |
| 23:08 | 921335635 · first_building Castle |
| 23:27 | Gordon Freeman · first_building Barracks |
| 23:28 | Duende · wall_segment Stone Wall x7 |
| 23:39 | Duende · first_building Barracks |
| 25:28 | Gordon Freeman · first_building Stable |
| 25:38 | Duende · age_up castle |
| 25:41 | ytsejamer05 · age_up castle |
| 25:42 | ytsejamer05 · first_market_sell 100 food |
| 25:56 | ytsejamer05 · first_building Castle |
| 26:16 | Duende · first_building Castle |
| 27:15 | dougshoe · first_building Siege Workshop |
| 27:29 | jonatan_bruno · first_building Siege Workshop |
| 28:01 | ytsejamer05 · first_building Monastery |
| 28:04 | jonatan_bruno · first_building Monastery |
| 28:40 | Gordon Freeman · first_building Siege Workshop |
| 29:11 | ytsejamer05 · first_building Barracks |
| 29:13 | Duende · first_building Monastery |
| 29:49 | dougshoe · first_building Castle |
| 30:22 | Duende · first_building Siege Workshop |
| 30:49 | dougshoe · first_building Barracks |
| 31:30 | Gordon Freeman · age_up imperial |
| 31:34 | Duende · wall_segment Stone Wall x4 |
| 31:38 | Gordon Freeman · first_market_sell 100 wood |
| 31:53 | dougshoe · first_building Archery Range |
| 31:54 | Gordon Freeman · first_market_buy 100 food |
| 33:03 | jonatan_bruno · age_up imperial |
| 33:49 | 921335635 · first_building Barracks |
| 34:25 | 921335635 · age_up imperial |
| 35:12 | 921335635 · first_building Archery Range |
| 36:20 | Gordon Freeman · first_building Castle |
| 36:47 | Duende · wall_segment Stone Wall x27 |
| 37:41 | dougshoe · age_up imperial |
| 38:07 | Duende · wall_segment Stone Wall x10 |
| 38:23 | Duende · wall_segment Stone Wall x7 |
| 38:29 | Duende · age_up imperial |
| 38:30 | Duende · wall_segment Stone Wall x8 |
| 39:37 | Gordon Freeman · wall_segment Stone Wall x10 |
| 39:40 | Gordon Freeman · wall_segment Stone Wall x13 |
| 39:48 | Duende · wall_segment Stone Wall x7 |
| 39:51 | Duende · wall_segment Stone Wall x8 |
| 39:55 | jonatan_bruno · tribute_sent a jugador 1 |
| 39:55 | jonatan_bruno · tribute_sent a jugador 2 |
| 39:55 | jonatan_bruno · tribute_sent a jugador 3 |
| 39:55 | jonatan_bruno · tribute_sent a jugador 4 |
| 39:55 | jonatan_bruno · tribute_sent a jugador 6 |
| 39:55 | jonatan_bruno · tribute_sent a jugador 7 |
| 39:55 | jonatan_bruno · tribute_sent a jugador 8 |
| 40:08 | Duende · wall_segment Stone Wall x11 |
| 40:52 | Gordon Freeman · wall_segment Stone Wall x6 |
| 41:28 | jonatan_bruno · tribute_sent a jugador 1 |
| 41:28 | jonatan_bruno · tribute_sent a jugador 2 |
| 41:28 | jonatan_bruno · tribute_sent a jugador 3 |
| 41:28 | jonatan_bruno · tribute_sent a jugador 4 |
| 41:28 | jonatan_bruno · tribute_sent a jugador 6 |
| 41:28 | jonatan_bruno · tribute_sent a jugador 7 |
| 41:28 | jonatan_bruno · tribute_sent a jugador 8 |
| 42:08 | dougshoe · first_building Stable |
| 42:22 | dougshoe · first_market_sell 100 wood |
| 44:27 | jonatan_bruno · tribute_sent a jugador 1 |
| 44:27 | jonatan_bruno · tribute_sent a jugador 2 |
| 44:27 | jonatan_bruno · tribute_sent a jugador 3 |
| 44:27 | jonatan_bruno · tribute_sent a jugador 4 |
| 44:27 | jonatan_bruno · tribute_sent a jugador 6 |
| 44:27 | jonatan_bruno · tribute_sent a jugador 7 |
| 44:27 | jonatan_bruno · tribute_sent a jugador 8 |
| 45:19 | Duende · wall_segment Stone Wall x5 |
| 45:27 | 921335635 · first_building Stable |
[ AI ANALYSIS · 1 CREDIT ]
What really happened in this match?
Wolo.gg analyzes every decision: build order, eco, micro, common mistakes by bracket. Personalized analysis on WhatsApp or Discord in 30 seconds.
Civ guide
Portuguese
Map guide
Black Forest
Perfil
Marciosalina